[Event "Late-Titled-Tuesday-Blitz-April-23-2024"]
[Site "Chess.com"]
[Date "2024.04.23"]
[Round "2"]
[White "amanmuhammethommadov"]
[Black "crushernt"]
[Result "1-0"]
[WhiteElo "2705"]
[BlackElo "2129"]
[TimeControl "180+1"]
[EndTime "14:15:30 PDT"]
[Termination "amanmuhammethommadov won by resignation"]

1. e4 c5 2. Nf3 d6 3. d4 cxd4 4.
Nxd4 Nf6 5. Nc3 a6 6. Bg5 e6 7.
f4 Be7 8. Qf3 Qc7 9. O-O-O Nbd7 10. g4 b5 11. Bxf6 Nxf6 12. g5 Nd7 13. f5 O-O 14.
Rg1 b4 15. Nce2 e5 16. f6 exd4 17. fxe7 Re8 18. Nxd4 Ne5 19. Qf4 Bb7 20. Nf5 Rac8 21. Rg2 d5 22. Kb1 dxe4 23. Nh6+ gxh6 24. gxh6+ Ng6 25.
Qf6 Qe5 26. Qxe5 1-0

[Event "Late-Titled-Tuesday-Blitz-April-23-2024"]
[Site "Chess.com"]
[Date "2024.04.23"]
[Round "2"]
[White "Road2GM3000"]
[Black "GoltsevDmitry2000"]
[Result "0-1"]
[WhiteElo "2451"]
[BlackElo "2755"]
[TimeControl "180+1"]
[EndTime "14:15:31 PDT"]
[Termination "GoltsevDmitry2000 won by resignation"]

1. d4 e6 2. c4 d5 3. cxd5 exd5 4. Nc3 c6 5. Nf3 Nf6 6. Bg5 Bd6 7. e3 h6 8. Bd3 hxg5 9. Nxg5 Bg4 10. f3 Bd7 11. Qc2 Bg3+ 12. Kd2 Bh4 13. f4 Ng4 14. Nf3 Nf2 15.
Rhf1 Nxd3 16. Qxd3 Bf6 17. h3 Na6 18. a3 Nc7 19. g4 g6 20. g5 Bg7 21. h4 Bf5 22. Qe2 Qe7 23. Rac1 O-O-O 24. Ne5 Bxe5 25. fxe5 Rxh4 26.
b4 Kb8 27. b5 Nxb5 28. Nxb5 cxb5 29. Rc5 a6 30. a4 Qxg5 31. axb5 Rxd4+ 32. Kc3 Rc4+ 33. Rxc4 dxc4 34. bxa6 Rd3+ 35. Kxc4 Qxe3 36. Qxe3 Rxe3 37. Kd4 Rd3+ 38. Kc5 Rd7 39. axb7 Kxb7 40. Rb1+ Bxb1 0-1

[Event "Late-Titled-Tuesday-Blitz-April-23-2024"]
[Site "Chess.com"]
[Date "2024.04.23"]
[Round "2"]
[White "rezamahdavi2008"]
[Black "GelmanAlexander"]
[Result "1/2-1/2"]
[WhiteElo "2909"]
[BlackElo "2622"]
[TimeControl "180+1"]
[EndTime "14:15:35 PDT"]
[Termination "Game drawn by repetition"]

1. Nf3 c5 2. c4 e6 3. Nc3 Nf6 4. g3 Be7 5. Bg2 O-O 6. O-O a6 7. d4 cxd4 8. Nxd4 d6 9. Nc2 Qc7 10. b3 Nbd7 11. Qd2 Ne5 12. Bb2 Bd7 13. Rac1 Rfd8 14. Rfd1 Rac8 15. e4 Qb8 16. h3 h6 17.
f4 Ng6 18. Qe2 b5 19. Ne3 h5 20. h4 Qb6 21. Kh1 Bc6 22. Re1 Qb7 23. Ncd5 exd5 24. cxd5 Bd7 25. Rxc8 Qxc8 26. e5 Ng4 27. e6 fxe6 28.
Nxg4 hxg4 29. Qxg4 e5 30. Qxg6 Bf5 31. Qh5 Bg4 32.
Qg6 Bf5 33. Qh5 Bg4 34. Qg6 Bf5 1/2-1/2

[Event "Late-Titled-Tuesday-Blitz-April-23-2024"]
[Site "Chess.com"]
[Date "2024.04.23"]
[Round "2"]
[White "BardArtem"]
[Black "Josetricks"]
[Result "1-0"]
[WhiteElo "2822"]
[BlackElo "2578"]
[TimeControl "180+1"]
[EndTime "14:15:39 PDT"]
[Termination "BardArtem won by resignation"]

1. e4 g6 2. d4 Bg7 3. Nc3 c6 4. Bc4 b5 5. Bb3 a5 6. a3 e6 7.
Nf3 d5 8. e5 Nd7 9. Ne2 c5 10.
c3 Nh6 11. Bc2 Ba6 12. h4 Nf5 13. h5 Qb6 14. h6 Bf8 15. Bxf5 gxf5 16. Nf4 b4 17.
axb4 axb4 18. Ng5 bxc3 19. Qh5 O-O-O 20. bxc3 cxd4 21. Qxf7 dxc3 22. Qxe6 Qxe6 23. Nfxe6 Bc4 24. Ra8+ Nb8 25. Nxd8 Kxd8 26. Rxb8+ Kc7 27. Rxf8 1-0

[Event "Late-Titled-Tuesday-Blitz-April-23-2024"]
[Site "Chess.com"]
[Date "2024.04.23"]
[Round "2"]
[White "PedroGil25"]
[Black "Janh4"]
[Result "1-0"]
[WhiteElo "2490"]
[BlackElo "2200"]
[TimeControl "180+1"]
[EndTime "14:15:40 PDT"]
[Termination "PedroGil25 won by resignation"]

1. c4 e6 2. Nf3 d5 3. g3 Nf6 4.
Bg2 Be7 5. O-O O-O 6. b3 b6 7. Bb2 Bb7 8. d3 Nbd7 9. Nc3 c5 10. cxd5 Nxd5 11. Nxd5 Bxd5 12. d4 cxd4 13. Qxd4 Bf6 14.
Qd2 Bxb2 15. Qxb2 Qf6 16. Qxf6 Nxf6 17. Rfd1 Rfd8 18. Ne5 Bxg2 19. Kxg2 Rxd1 20. Rxd1 Rc8 21. Nc6 Kf8 22. Ne5 Ke7 23. Rd2 Rc7 24. h4 Nd5 25. e4 Nf6 26. f3 h5 27. Kf2 g6 28. Ke3 Rc3+ 29. Kf2 Rc7 30. Ke3 Rc3+ 31. Kf4 Rc7 32. b4 Ne8 33. b5 Nd6 34. Nc6+ 1-0

[Event "Late-Titled-Tuesday-Blitz-April-23-2024"]
[Site "Chess.com"]
[Date "2024.04.23"]
[Round "2"]
[White "reevecanada"]
[Black "Vladimir_Zakhartsov"]
[Result "0-1"]
[WhiteElo "2614"]
[BlackElo "2915"]
[TimeControl "180+1"]
[EndTime "14:15:47 PDT"]
[Termination "Vladimir_Zakhartsov won by resignation"]

1. e4 c5 2. Nf3 g6 3. d4 cxd4 4. Qxd4 Nf6 5. e5 Nc6 6. Qa4 Nd5 7. Qe4 Nc7 8. Nc3 Bg7 9. Bf4 Ne6 10. Kd1 Nxf4 11. Qxf4 O-O 12. Bc4 Qb6 13. Kc1 Qxf2 14. Ne4 Qb6 15. Neg5 Nd8 16. h4 h6 17. Ne4 d6 18.
exd6 Qxb2+ 19. Kd2 Qb4+ 20. Kd3 Qa3+ 21. c3 Bf5 22. h5 Qxc3+ 23. Ke2 Qxc4+ 0-1

[Event "Late-Titled-Tuesday-Blitz-April-23-2024"]
[Site "Chess.com"]
[Date "2024.04.23"]
[Round "2"]
[White "VojtechPlat"]
[Black "ansko1999"]
[Result "1-0"]
[WhiteElo "2858"]
[BlackElo "2600"]
[TimeControl "180+1"]
[EndTime "14:15:47 PDT"]
[Termination "VojtechPlat won by checkmate"]

1. e4 d6 2. d4 Nf6 3. Nc3 c6 4. Nf3 Qa5 5. Bd3 e5 6. h3 Nbd7 7. O-O Be7 8. Be3 O-O 9. Ne2 exd4 10. Nexd4 Nc5 11. Bd2 Qc7 12. Re1 Re8 13. Bf4 Bf8 14.
e5 Nxd3 15. Qxd3 dxe5 16. Bxe5 Qd8 17. Ng5 g6 18. Qf3 Bg7 19. Rad1 h6 20. Nxc6 Qb6 21. Bxf6 Rxe1+ 22. Rxe1 Bxf6 23. Qxf6 Qxc6 24. Qxf7+ Kh8 25. Qf8# 1-0

[Event "Late-Titled-Tuesday-Blitz-April-23-2024"]
[Site "Chess.com"]
[Date "2024.04.23"]
[Round "2"]
[White "Eloist"]
[Black "campochess"]
[Result "1-0"]
[WhiteElo "2461"]
[BlackElo "2148"]
[TimeControl "180+1"]
[EndTime "14:15:53 PDT"]
[Termination "Eloist won by resignation"]

1. e4 c5 2. Nf3 Nc6 3. Bb5 e5 4. O-O Bd6 5. c3 Nge7 6. d4 cxd4 7. cxd4 exd4 8. Nxd4 Nxd4 9. Qxd4 Qb6 10. Qxb6 axb6 11. Be3 Bc5 12. Bxc5 bxc5 13. Nc3 O-O 14. Rad1 Rd8 15.
Rd2 f5 16. Rfd1 fxe4 17. Bxd7 Bxd7 18. Rxd7 Rxd7 19. Rxd7 Nf5 20. Rd5 g6 21. Rxc5 Rd8 22. Rd5 Ra8 23. Rd7 e3 24. fxe3 Nxe3 25. Kf2 Nc4 26.
Rxb7 Rf8+ 27. Ke2 Re8+ 28. Kd3 Ne3 29. a4 Nxg2 30. a5 Nf4+ 31. Kc2 Ne6 32. b4 Rc8 33. a6 1-0

[Event "Late-Titled-Tuesday-Blitz-April-23-2024"]
[Site "Chess.com"]
[Date "2024.04.23"]
[Round "2"]
[White "Bugcrusher"]
[Black "KebabJangles"]
[Result "1-0"]
[WhiteElo "2493"]
[BlackElo "2216"]
[TimeControl "180+1"]
[EndTime "14:15:55 PDT"]
[Termination "Bugcrusher won by resignation"]

1. d4 Nf6 2. c4 g6 3. Nc3 Bg7 4. e4 d6 5. Nf3 O-O 6. Be2 e5 7. O-O Nc6 8. d5 Ne7 9. Qc2 a5 10. Rd1 Nd7 11. b3 h6 12. Ne1 f5 13. Nd3 f4 14. Bg4 Nf6 15. Bxc8 Qxc8 16. f3 b6 17. a3 g5 18. Bd2 g4 19. Be1 Ng6 20. b4 Rf7 21. c5 Bf8 22. Nb5 h5 23. cxd6 cxd6 24. Qxc8 Rxc8 25. Rdc1 Rb8 26. Rc6 gxf3 27. gxf3 Ne8 28.
Rac1 Ne7 29. Nxd6 Nxc6 30. Nxf7 Nd4 31. Nfxe5 Ne2+ 32. Kg2 Nxc1 33. Nxc1 axb4 34. axb4 Rc8 35. Ncd3 Rc2+ 36. Kh3 Nf6 37. Nxf4 Bd6 38. Ned3 Nd7 39. Bg3 Ne5 40. Nxe5 Bxe5 41. Nxh5 Bxg3 42. hxg3 Rc4 43. e5 Rxb4 44. d6 Kf7 45. Nf4 b5 46. e6+ Ke8 47.
Nd5 Rb1 48. e7 Rc1 49. Nf6+ 1-0

[Event "Late-Titled-Tuesday-Blitz-April-23-2024"]
[Site "Chess.com"]
[Date "2024.04.23"]
[Round "2"]
[White "rdarruda"]
[Black "cedchass2006"]
[Result "1-0"]
[WhiteElo "2533"]
[BlackElo "2336"]
[TimeControl "180+1"]
[EndTime "14:15:59 PDT"]
[Termination "rdarruda won by resignation"]

1. Nf3 d5 2. d4 Nf6 3. c4 e6 4. Nc3 dxc4 5. e4 Bb4 6. e5 Nd5 7.
Bd2 Nb6 8. Be2 Nc6 9. a3 Be7 10. Be3 O-O 11. O-O f5 12. exf6 Bxf6 13. Ne4 Be7 14.
Qc2 Bd7 15. Bxc4 Nxc4 16. Qxc4 Kh8 17. Rfe1 Qe8 18. Bg5 h6 19. Bxe7 Qxe7 20. Nc5 Rae8 21. Nxb7 Rb8 22. Nc5 Rxb2 23. Nxd7 Qxd7 24. Qxe6 Qxe6 25.
Rxe6 Rfb8 26. Rxc6 Ra2 27. Rcc1 1-0

[Event "Late-Titled-Tuesday-Blitz-April-23-2024"]
[Site "Chess.com"]
[Date "2024.04.23"]
[Round "2"]
[White "kleber2007"]
[Black "sergiochess83"]
[Result "0-1"]
[WhiteElo "2437"]
[BlackElo "2947"]
[TimeControl "180+1"]
[EndTime "14:16:00 PDT"]
[Termination "sergiochess83 won by resignation"]

1. Nf3 d5 2. g3 c6 3. Bg2 Bg4 4. d4 e6 5. O-O Nf6 6. Nbd2 Be7 7. Re1 O-O 8. e4 Bh5 9. c3 a5 10. e5 Nfd7 11. a4 c5 12. dxc5 Nxc5 13. Nb3 Nbd7 14.
Nbd4 Ne4 15. Bf4 g5 16. Be3 Nxe5 17. h3 Nc4 18. g4 Bg6 19. Qb3 Nc5 20. Qa2 Nd3 21.
Reb1 Nxe3 22. fxe3 Qb6 23. Ne1 Nc5 24. Rd1 Rac8 25.
Nef3 Bf6 26. Rf1 Bd3 27. Rfe1 h6 28. Rad1 Bg6 29. b3 Ne4 0-1

[Event "Late-Titled-Tuesday-Blitz-April-23-2024"]
[Site "Chess.com"]
[Date "2024.04.23"]
[Round "2"]
[White "leschebaza"]
[Black "The_Sherman_Variation"]
[Result "1-0"]
[WhiteElo "2327"]
[BlackElo "2704"]
[TimeControl "180+1"]
[EndTime "14:16:01 PDT"]
[Termination "leschebaza won by resignation"]

1. Nf3 d5 2. c4 d4 3. d3 c5 4.
g3 Nc6 5. Bg2 e5 6. O-O Bd6 7.
a3 a5 8. e3 f6 9. exd4 cxd4 10. Re1 Nge7 11. Nbd2 O-O 12. Ne4 Bc7 13. Bd2 Qe8 14. b4 axb4 15. axb4 Rxa1 16. Qxa1 Bg4 17. b5 Nd8 18. Bb4 Ne6 19. h3 Bh5 20. Qa7 Bd8 21. Qxb7 Bg6 22. Nd6 Be4 23. dxe4 Qh5 24. Nf5 Nxf5 25.
exf5 Qxf5 26. Bxf8 Nxf8 27. Nh4 Qc2 28. Qd5+ Kh8 29.
Qxd8 h5 30. Qxf8+ Kh7 31. Be4+ Qxe4 32. Rxe4 1-0

[Event "Late-Titled-Tuesday-Blitz-April-23-2024"]
[Site "Chess.com"]
[Date "2024.04.23"]
[Round "2"]
[White "SmirnovTimofey2000"]
[Black "chedimir"]
[Result "0-1"]
[WhiteElo "1976"]
[BlackElo "2449"]
[TimeControl "180+1"]
[EndTime "14:16:01 PDT"]
[Termination "chedimir won by resignation"]

1. e4 c5 2. c3 d5 3. exd5 Qxd5 4.
d4 Nf6 5. Nf3 cxd4 6. cxd4 e6 7.
Nc3 Qd6 8. Bb5+ Bd7 9. O-O Nc6 10. Re1 Be7 11. g3 O-O 12. Bf4 Qb4 13. Rb1 a6 14. a3 Qa5 15. Bxc6 Bxc6 16. Ne5 Rad8 17. Nxc6 bxc6 18.
Qb3 Rxd4 19. Rbd1 Rxd1 20. Rxd1 Nd5 21. Nxd5 cxd5 22. Rc1 Bf6 23. Bc7 Qb5 24. Qxb5 axb5 25. Rc2 Rc8 26. Rc1 Bxb2 27. Rc2 Be5 0-1

[Event "Late-Titled-Tuesday-Blitz-April-23-2024"]
[Site "Chess.com"]
[Date "2024.04.23"]
[Round "2"]
[White "Supelyel"]
[Black "LeninGuerra"]
[Result "1-0"]
[WhiteElo "2419"]
[BlackElo "2678"]
[TimeControl "180+1"]
[EndTime "14:16:04 PDT"]
[Termination "Supelyel won by resignation"]

1. c4 e5 2. g3 Bc5 3. Bg2 a6 4. Nc3 Nf6 5. e3 d6 6. Nge2 Ba7 7. h3 O-O 8. O-O h6 9. b4 Nc6 10. b5 axb5 11. Nxb5 Bb6 12. Bb2 Bf5 13. d4 Qe7 14. a4 Na5 15. Rc1 Qe6 16. c5 dxc5 17. dxc5 Rad8 18.
Qe1 c6 19. cxb6 Nc4 20. Nc7 Nxb2 21. Nxe6 Bxe6 22. Qc3 Nd3 23. Rcd1 e4 24. Nf4 Nxf4 25. exf4 Nd5 26. Qb2 f5 27. Rfe1 Ra8 28. Ra1 Ra5 29. Bf1 Rfa8 30. Bc4 Nxf4 31. Bxe6+ Nxe6 32. Red1 Nc5 33. Qa2+ Kh7 34. Qf7 Nxa4 35. Rd7 Rg8 36. Rxb7 1-0

[Event "Late-Titled-Tuesday-Blitz-April-23-2024"]
[Site "Chess.com"]
[Date "2024.04.23"]
[Round "2"]
[White "amiralfio"]
[Black "ploxoi"]
[Result "0-1"]
[WhiteElo "2731"]
[BlackElo "2422"]
[TimeControl "180+1"]
[EndTime "14:16:09 PDT"]
[Termination "ploxoi won by resignation"]

1. d4 d5 2. Bf4 Nf6 3. e3 e6 4. Nf3 c5 5. Nbd2 Nc6 6. c3 Bd6 7. Bg3 Bxg3 8. hxg3 Qd6 9. Bd3 e5 10. dxc5 Qxc5 11. e4 Be6 12. Qe2 O-O-O 13. exd5 Bxd5 14. Ne4 Bxe4 15. Bxe4 Nxe4 16. Qxe4 Qb5 17. Qe2 Qxe2+ 18. Kxe2 h6 19. Nd2 Rd6 20. Ne4 Rd5 21. g4 Kc7 22. Rad1 Rhd8 23. Rxd5 Rxd5 24. g5 hxg5 25. Nxg5 f6 26. Ne6+ Kb6 27. Nxg7 Ra5 28. a3 Rb5 29. b4 Rd5 30. Nf5 e4 31. Ne3 Rd3 32. Rh6 Kb5 33. Rxf6 Rxc3 34. Re6 Nd4+ 0-1

[Event "Late-Titled-Tuesday-Blitz-April-23-2024"]
[Site "Chess.com"]
[Date "2024.04.23"]
[Round "2"]
[White "KChor05"]
[Black "Onischuk_V"]
[Result "0-1"]
[WhiteElo "2583"]
[BlackElo "2830"]
[TimeControl "180+1"]
[EndTime "14:16:13 PDT"]
[Termination "Onischuk_V won by resignation"]

1. e4 d6 2. d4 Nf6 3. Nc3 g6 4. f4 Bg7 5. Nf3 O-O 6. e5 dxe5 7. fxe5 Nd5 8. Nxd5 Qxd5 9. c4 Qe4+ 10. Qe2 Bf5 11.
Qxe4 Bxe4 12. Be2 c5 13. Bg5 Nc6 14. dxc5 Nxe5 15. O-O-O Rac8 16. Bxe7 Bh6+ 17. Nd2 Rfe8 18. Bd6 Bxg2 19. Rhg1 Bf3 20. Bxf3 Nxf3 21. Rg2 b6 22. Kc2 Nxd2 23. b4 Nxc4 0-1

[Event "Late-Titled-Tuesday-Blitz-April-23-2024"]
[Site "Chess.com"]
[Date "2024.04.23"]
[Round "2"]
[White "osielchesslover2011"]
[Black "masterofpuppets2"]
[Result "1-0"]
[WhiteElo "2234"]
[BlackElo "2478"]
[TimeControl "180+1"]
[EndTime "14:16:17 PDT"]
[Termination "osielchesslover2011 won by resignation"]

1. e4 e5 2. Nf3 Nc6 3. Bb5 a6 4. Ba4 Nf6 5. O-O d6 6. d4 b5 7. Bb3 Nxd4 8. Nxd4 exd4 9. c3 dxc3 10. Nxc3 Be7 11. Bg5 O-O 12. Qe2 c5 13. Rad1 c4 14. Bc2 Ne8 15. Bxe7 Qxe7 16. Nd5 Qh4 17. e5 dxe5 18. Qxe5 Nf6 19. Nxf6+ Qxf6 20. Qe4 g6 21. Qxa8 Bf5 22. Qf3 Qxb2 23. Bxf5 gxf5 24. Qxf5 Re8 25. Rfe1 Rxe1+ 26. Rxe1 h6 27. h4 Kg7 28. Qg4+ Kf6 29.
Qf4+ Kg7 30. Re7 Qf6 31. Qxf6+ Kxf6 32. Ra7 Ke5 33. Rxa6 c3 34. Rxh6 Kd5 35. Rh8 b4 36. Rc8 Kd4 37. h5 Ke5 38. a3 1-0

[Event "Late-Titled-Tuesday-Blitz-April-23-2024"]
[Site "Chess.com"]
[Date "2024.04.23"]
[Round "2"]
[White "BlueWizzard"]
[Black "Orest_Vovk"]
[Result "1-0"]
[WhiteElo "2800"]
[BlackElo "2554"]
[TimeControl "180+1"]
[EndTime "14:16:19 PDT"]
[Termination "BlueWizzard won by checkmate"]

1. d4 h6 2. e4 g5 3. f4 g4 4. Nc3 Bg7 5. Be3 d6 6. e5 c6 7.
Nge2 Qa5 8. Qd2 h5 9. O-O-O b5 10. Kb1 Be6 11. d5 cxd5 12. Nd4 b4 13. Bb5+ Kf8 14. Nce2 dxe5 15. fxe5 Bxe5 16. Nxe6+ fxe6 17. Bd4 Bxd4 18. Nxd4 Rh6 19. Rhf1+ Kg7 20. Qg5+ Kh8 21. Rf8 Nc6 22. Qxh6# 1-0

[Event "Late-Titled-Tuesday-Blitz-April-23-2024"]
[Site "Chess.com"]
[Date "2024.04.23"]
[Round "2"]
[White "andrew-blr"]
[Black "Andrii_Prydun"]
[Result "1-0"]
[WhiteElo "2614"]
[BlackElo "2384"]
[TimeControl "180+1"]
[EndTime "14:16:21 PDT"]
[Termination "andrew-blr won on time"]

1. d4 Nf6 2. c4 e6 3. Nc3 d5 4.
cxd5 exd5 5. Bg5 Be7 6. e3 c6 7. Bd3 Bg4 8. Qc2 Nbd7 9. h3 Bh5 10. f4 h6 11. Bxf6 Bxf6 12. g4 Bh4+ 13. Kd2 Bg6 14. Bxg6 fxg6 15. Qxg6+ Kf8 16. Nf3 Bf6 17. Ne5 Bxe5 18.
fxe5 Qe8 19. Raf1+ Kg8 20. Qd6 Nf8 21. Rf5 Ne6 22. Rhf1 b5 23. Rf7 Rc8 24. Re7 Qd8 25. Qxe6+ 1-0

[Event "Late-Titled-Tuesday-Blitz-April-23-2024"]
[Site "Chess.com"]
[Date "2024.04.23"]
[Round "2"]
[White "Slovak_fighter2000"]
[Black "tarno17"]
[Result "1-0"]
[WhiteElo "2531"]
[BlackElo "2139"]
[TimeControl "180+1"]
[EndTime "14:16:22 PDT"]
[Termination "Slovak_fighter2000 won by resignation"]

1. Nf3 d5 2. c4 e6 3. g3 Nf6 4. Bg2 c6 5. O-O Nbd7 6. d4 Be7 7. Qc2 dxc4 8. Qxc4 Nb6 9. Qc2 O-O 10. Bf4 Nbd5 11.
Nc3 Nxf4 12. gxf4 Nd5 13. e3 b6 14. Ne5 Ba6 15. Nxc6 Qd7 16. Nxd5 exd5 17. Nxe7+ Qxe7 18. Rfc1 Rfc8 19. Qd2 Qe6 20. Rxc8+ Rxc8 21. Rc1 Rxc1+ 22. Qxc1 h6 23. h3 Qg6 24. Kh2 Bc4 25. b3 Bd3 26.
Bxd5 Be4 27. Bxe4 Qxe4 28. Qd2 Qf3 29. d5 Kf8 30. d6 Ke8 31. Qc2 Kd8 32. Qc7+ 1-0

[Event "Late-Titled-Tuesday-Blitz-April-23-2024"]
[Site "Chess.com"]
[Date "2024.04.23"]
[Round "2"]
[White "nindjaxx8"]
[Black "Msb2"]
[Result "0-1"]
[WhiteElo "2660"]
[BlackElo "3057"]
[TimeControl "180+1"]
[EndTime "14:16:23 PDT"]
[Termination "Msb2 won by resignation"]

1. d4 d5 2. c4 e6 3. Nc3 Bb4 4. cxd5 exd5 5. Nf3 Nf6 6. Bf4 O-O 7. e3 c5 8. Be2 Nc6 9. O-O c4 10. Rc1 Bf5 11.
a3 Bxc3 12. bxc3 b5 13. Ne5 Rc8 14. Nxc6 Rxc6 15. a4 a6 16. axb5 axb5 17. Ra1 Qe7 18. Qc1 Rb6 19. Ra5 h6 20. Bf3 Rc8 21. Be5 Be6 22.
h3 Nd7 23. Bg3 b4 24. Bxd5 Bxd5 25. Rxd5 b3 26. Qb1 Ra8 27. Qf5 Qe6 28. Qf3 b2 29. Rxd7 Ra1 30. Rd8+ Kh7 31. Rb8 Rxf1+ 0-1

[Event "Late-Titled-Tuesday-Blitz-April-23-2024"]
[Site "Chess.com"]
[Date "2024.04.23"]
[Round "2"]
[White "Hamisandwich"]
[Black "CombativeWombat"]
[Result "1-0"]
[WhiteElo "2727"]
[BlackElo "2346"]
[TimeControl "180+1"]
[EndTime "14:16:24 PDT"]
[Termination "Hamisandwich won by resignation"]

1. e4 e5 2. d4 exd4 3. Qxd4 Nc6 4. Qc4 Nf6 5. Nc3 Bb4 6. Bd2 d6 7. a3 Be6 8. Qe2 Bc5 9. O-O-O a6 10. f3 Qe7 11. g4 b5 12. g5 Nd7 13. f4 Nb6 14. f5 Bc4 15. Qg2 Ne5 16. Nf3 O-O-O 17. Bf4 Kb8 18.
b4 Bxb4 19. axb4 d5 20. Nxe5 Qxb4 21. Nc6+ 1-0

[Event "Late-Titled-Tuesday-Blitz-April-23-2024"]
[Site "Chess.com"]
[Date "2024.04.23"]
[Round "2"]
[White "enriquetejedor"]
[Black "NitaLucian"]
[Result "1-0"]
[WhiteElo "2730"]
[BlackElo "2351"]
[TimeControl "180+1"]
[EndTime "14:16:35 PDT"]
[Termination "enriquetejedor won by resignation"]

1. Na3 d6 2. e4 e5 3. Nf3 Nf6 4.
c3 Be7 5. Bd3 Nbd7 6. O-O O-O 7.
Bc2 b6 8. d4 Bb7 9. Re1 exd4 10. cxd4 Re8 11. b3 c5 12. d5 Ng4 13. Nc4 Bf6 14. Rb1 Nde5 15. Nfxe5 Nxe5 16. Nxe5 Bxe5 17. Be3 g6 18. Qd2 Bg7 19. Bg5 Qd7 20. h3 a5 21.
a4 Ba6 22. Bf4 Be5 23. Bh6 Bg7 24. Be3 b5 25. axb5 Bxb5 26. Bd3 Bxd3 27. Qxd3 a4 28. bxa4 Rxa4 29. f3 Rea8 30. Qb5 Qd8 31. Bf4 Qf6 32.
Bg3 h5 33. Qc6 R8a6 34. Qe8+ Kh7 35. Rb7 Ra7 36. Rxa7 Rxa7 37. Qc6 Bf8 38. h4 Qd4+ 39. Kh2 Qd2 40. Rg1 Ra3 41. Rf1 Ra2 42. Rf2 Qa5 43. Rxa2 Qxa2 44. Bxd6 Bg7 45. Qxc5 Qe2 46. Bg3 Qd1 47.
Qe7 f5 48. Be5 1-0

[Event "Late-Titled-Tuesday-Blitz-April-23-2024"]
[Site "Chess.com"]
[Date "2024.04.23"]
[Round "2"]
[White "ozates"]
[Black "bascheyaro"]
[Result "0-1"]
[WhiteElo "2562"]
[BlackElo "2807"]
[TimeControl "180+1"]
[EndTime "14:16:44 PDT"]
[Termination "bascheyaro won by resignation"]

1. e4 e6 2. d4 d5 3. Nd2 c5 4. exd5 exd5 5. Ngf3 Nc6 6. Be2 c4 7. b3 cxb3 8. axb3 Bd6 9. O-O Nge7 10. Ba3 Bxa3 11. Rxa3 O-O 12. Re1 Bf5 13. c3 a6 14. b4 Qd6 15. Nb3 Rfe8 16. Nc5 Rab8 17. b5 axb5 18. Bxb5 b6 19. Na6 Qxa3 20. Nxb8 Rxb8 21.
c4 Qd6 22. Qa4 h6 23. cxd5 Na5 24. Ne5 Nxd5 25. h3 Be6 26. Bd3 Nc3 27. Qc2 Qxd4 28. Bh7+ Kh8 29. Nf3 Qf6 30. Bd3 Rd8 31. Bf1 Nd5 32.
Qe4 Nf4 33. Rb1 Bf5 0-1

[Event "Late-Titled-Tuesday-Blitz-April-23-2024"]
[Site "Chess.com"]
[Date "2024.04.23"]
[Round "2"]
[White "cthake"]
[Black "kalinchick"]
[Result "0-1"]
[WhiteElo "1848"]
[BlackElo "2442"]
[TimeControl "180+1"]
[EndTime "14:16:48 PDT"]
[Termination "kalinchick won by checkmate"]

1. e4 e6 2. b3 d5 3. exd5 exd5 4. Bb2 Nf6 5. Nf3 Be7 6. Be2 O-O 7. O-O c5 8. d4 b6 9. dxc5 bxc5 10. Bd3 Bg4 11. h3 Bh5 12. Re1 Nbd7 13. Nbd2 Bd6 14. Nf1 Re8 15.
Qd2 Bxf3 16. gxf3 Be5 17. Bxe5 Nxe5 18. Qf4 Nh5 19. Qf5 g6 20. Rxe5 gxf5 21. Rxf5 Qh4 22.
Kg2 Nf4+ 23. Kg1 Nxh3+ 24. Kg2 Kh8 25. Ng3 Nf4+ 26. Kg1 Rg8 27. Rxf7 Rxg3+ 28. fxg3 Qxg3+ 29. Kf1 Qxf3+ 30. Ke1 Re8+ 31. Kd2 Qe3+ 32. Kc3 Qd4+ 33. Kd2 Re2+ 34. Kd1 Qxa1# 0-1

[Event "Late-Titled-Tuesday-Blitz-April-23-2024"]
[Site "Chess.com"]
[Date "2024.04.23"]
[Round "2"]
[White "biostatistician"]
[Black "McCarthyStone"]
[Result "1-0"]
[WhiteElo "2742"]
[BlackElo "2428"]
[TimeControl "180+1"]
[EndTime "14:16:50 PDT"]
[Termination "biostatistician won by resignation"]

1. d4 g6 2. Nf3 Bg7 3. c4 Nf6 4. Nc3 O-O 5. e4 d6 6. Be2 e5 7.
dxe5 dxe5 8. Qxd8 Rxd8 9. Bg5 Na6 10. Nd5 Rd6 11. Nxf6+ Bxf6 12. Bxf6 Rxf6 13. Nxe5 Re6 14. f4 f6 15. Ng4 h5 16. Nf2 Nc5 17. Bf3 Nxe4 18.
Bxe4 f5 19. Ke2 fxe4 20. Ke3 Bd7 21. Rad1 Bc6 22. Rd4 a5 23. Rhd1 Kg7 24. Rd8 Ra6 25. Rc8 Re7 26. Rdd8 Rb6 27. Rg8+ Kh7 28. Rh8+ Kg7 29.
b3 a4 30. bxa4 Rb4 31. Rhg8+ Kh7 32. Nh3 Rd7 33. Ng5+ Kh6 34. Rh8+ Kg7 35. Rh7+ Kf6 36. Rf8+ 1-0

[Event "Late-Titled-Tuesday-Blitz-April-23-2024"]
[Site "Chess.com"]
[Date "2024.04.23"]
[Round "2"]
[White "Mikhail_Bryakin"]
[Black "Mikhail_Golubev"]
[Result "1-0"]
[WhiteElo "2825"]
[BlackElo "2580"]
[TimeControl "180+1"]
[EndTime "14:16:53 PDT"]
[Termination "Mikhail_Bryakin won on time"]

1. e4 c5 2. d4 cxd4 3. Qxd4 Nc6 4. Qd3 g6 5. Nc3 Bg7 6. Nf3 d6 7. Be2 Bg4 8. O-O Nf6 9. Nd5 O-O 10. c3 Rc8 11. Bg5 Nxd5 12. exd5 Bxf3 13. Qxf3 Ne5 14. Qe4 Bf6 15. Be3 Qc7 16. Rfd1 a6 17. a3 Nc4 18. Bc1 Rfe8 19. Qd3 b5 20. a4 Qc5 21. axb5 axb5 22. h3 b4 23. Ra4 Ne5 24. Qc2 bxc3 25. b4 Qc7 26. Be3 Ra8 27. b5 Rxa4 28. Qxa4 Nd7 29. b6 Qd8 30. Bb5 Nc5 31. Bxc5 dxc5 32. Bxe8 Qxb6 33.
Bb5 c4 34. Qxc4 Bg5 35. Ba4 1-0

[Event "Late-Titled-Tuesday-Blitz-April-23-2024"]
[Site "Chess.com"]
[Date "2024.04.23"]
[Round "2"]
[White "norwaytoadog"]
[Black "cristianserban1"]
[Result "0-1"]
[WhiteElo "2348"]
[BlackElo "2542"]
[TimeControl "180+1"]
[EndTime "14:16:59 PDT"]
[Termination "cristianserban1 won by checkmate"]

1. e4 Nc6 2. Nc3 g6 3. Nf3 Bg7 4. d4 d6 5. h3 e5 6. Be3 exd4 7. Nxd4 Nf6 8. Qd2 O-O 9. O-O-O Re8 10. f3 Nh5 11. Bc4 a6 12. g4 Nf6 13. Nxc6 bxc6 14.
Bh6 Be6 15. Bxe6 Rxe6 16. Bxg7 Kxg7 17. h4 h5 18. g5 Nd7 19. f4 Re8 20. f5 Ne5 21.
Qd4 Qb8 22. Rhf1 Qa7 23. Qd2 Qc5 24. Qf4 Rf8 25. f6+ Kg8 26. Ne2 Rab8 27. Nd4 Qa5 28.
Kb1 Rxb2+ 29. Kxb2 Nc4+ 30. Kb3 d5 31. a4 Rb8+ 32. Nb5 axb5 33. axb5 Rxb5# 0-1

[Event "Late-Titled-Tuesday-Blitz-April-23-2024"]
[Site "Chess.com"]
[Date "2024.04.23"]
[Round "2"]
[White "Aygehovit1992"]
[Black "Akhayan"]
[Result "1-0"]
[WhiteElo "2721"]
[BlackElo "2415"]
[TimeControl "180+1"]
[EndTime "14:17:00 PDT"]
[Termination "Aygehovit1992 won by checkmate"]

1. e4 e5 2. Nf3 Nc6 3. Bb5 a6 4. Ba4 Nf6 5. d3 b5 6. Bb3 Be7 7. Nc3 O-O 8. O-O Bb7 9. Nd5 d6 10. Nxe7+ Qxe7 11. c3 Na5 12. Bc2 c5 13. Nh4 Bc8 14.
Qf3 Nc6 15. a4 b4 16. a5 Rb8 17. Nf5 Bxf5 18. Qxf5 Qe6 19. Qxe6 fxe6 20. Bb3 Kf7 21. Bc4 Ke7 22. g3 Ra8 23. f4 exf4 24. gxf4 d5 25.
exd5 exd5 26. Bb3 bxc3 27. bxc3 Rfb8 28. Re1+ Kd6 29. Ba4 Nxa5 30. f5 Nh5 31. Re6+ Kc7 32. Bg5 Nb3 33. Re7+ Kd6 34. Rae1 c4 35. d4 Nf6 36.
R1e6# 1-0